 Dungeon Crawl Stone Soup version 0.30-a0-859-gf88a04b62d (webtiles) character file.

Game seed: 7335502827494758076

119 Rocko1345 the Trooper (level 4, -1/35 HPs)
             Began as a Demonspawn Fighter on Mar 7, 2023.
             Slain by a gnoll
             ... wielding a +2 halberd of freezing
              (7 damage)
             ... on level 3 of the Dungeon.
             The game lasted 00:05:30 (1885 turns).

Rocko1345 the Trooper (Demonspawn Fighter)          Turns: 1885, Time: 00:05:31

Health: -1/35      AC:  6    Str: 18    XL:     4   Next: 74%
Magic:  4/4        EV:  8    Int:  9    God:
Gold:   89         SH:  8    Dex: 13    Spells: 3/3 levels left

rFire   . . .      SeeInvis .    a - +0 war axe
rCold   . . .      Faith    .    h - +0 kite shield
rNeg    . . .      Spirit   .    b - +0 scale mail
rPois   .          Reflect  .    (no helmet)
rElec   .          Rampage  .    (no cloak)
rCorr   .                        (no gloves)
Will    .....                    (no boots) Stlth
                                 (no amulet)
HPRegen 0.25/turn                (no ring)
MPRegen 0.09/turn                (no ring)

@: lethally poisoned (-1 -> -6)
A: claws 2
a: no special abilities


You were on level 3 of the Dungeon.
You visited 1 branch of the dungeon, and saw 3 of its levels.

You collected 89 gold pieces.

Inventory:

Hand Weapons
 a - a +0 war axe (weapon)
 n - the +3 dagger "Ocorhul" {flame, rF+ rC+ MP-9 Str+2}
   (You found it on level 2 of the Dungeon)

   Str:       It affects your strength (+2).
   rF:        It protects you from fire.
   rC:        It protects you from cold.
   MP:        It affects your magic capacity (-9).
Missiles
 l - 3 poisoned darts (quivered)
 p - 2 atropa-tipped darts
Armour
 b - a +0 scale mail (worn)
 c - a +0 buckler
 h - a +0 kite shield (worn)
Magical Staves
 d - a staff of conjuration
Wands
 m - a wand of mindburst (10)
Scrolls
 e - 4 scrolls of enchant armour {unknown}
 j - a scroll of fear {unknown}
 k - 3 scrolls of noise {unknown}
 o - a scroll of summoning {unknown}
 q - a scroll of teleportation {unknown}
 r - a scroll of vulnerability {unknown}
 s - a scroll of magic mapping {unknown}
Potions
 f - a potion of curing {unknown}
 g - a potion of haste {unknown}
 i - 2 potions of lignification {unknown}


   Skills:
 + Level 3.5 Fighting
 + Level 3.0 Axes
 + Level 3.1 Armour
 + Level 1.1 Dodging
 + Level 3.2 Shields


You had 3 spell levels left.
You didn't know any spells.
Your spell library was empty.

Dungeon Overview and Level Annotations

Branches:
Dungeon (3/15)

Altars:

Shops:
D:2 :!:


Innate Abilities, Weirdness & Mutations

You have very sharp fingernails.


Message History

You slash the adder!
The adder is severely wounded.
You feel sick. You block the adder's attack. You block the gnoll's attack.
The adder bites you but does no damage.
The gnoll hits you from afar with a +2 halberd of freezing.
The gnoll freezes you.
You miss the adder.
The adder is heavily wounded.
You feel sick. The adder bites you but does no damage.
The gnoll hits you from afar with a +2 halberd of freezing!
The gnoll freezes you.
* * * LOW HITPOINT WARNING * * *
The adder bites you but does no damage.
You feel sick. The adder barely misses you.
You feel sick.
You are no longer poisoned.
You block the adder's attack. The adder attacks as you move away!
You block the adder's attack. The adder barely misses you.
The adder attacks as you move away! The adder bites you but does no damage.
The adder attacks as you move away! The adder bites you but does no damage.
You block the adder's attack. The adder attacks as you move away!
You block the adder's attack. The adder bites you.
* * * LOW HITPOINT WARNING * * *
Things that are here:
a +0 dagger; a ball python corpse; a kobold corpse The adder attacks as you move away!
The adder barely misses you. The adder attacks as you move away!
The adder bites you.
* * * LOW HITPOINT WARNING * * *
The adder closely misses you.
There is an open door here.
You barely miss the adder.
The adder is heavily wounded.
The adder bites you.
* * * LOW HITPOINT WARNING * * *
You are poisoned.
The adder poisons you! You block the adder's attack.
The gnoll hits you from afar with a +2 halberd of freezing!
You die...

#.# #.#..##.##..#.##.....# #.#
#.......##..#.##.....# ####.#
###.........#........# .....#
##+#####.#####.....# ######
##...## #.#####.....# ####
##.....###.........### ##.##
##.......######.###.#
#...####.........####†..##.######
.†.....+........@Sg.g)...........
#...####.........####g...........
##.## ##.......## #......##...#
#### ##.....## #.##.####...# .#
####.).### #.##.g...g..# .#
#........# #.########g.# .#
#.###.##.#####.# #..# .#######.#
#..........# #..g
.#.......###.##.####### ###.


You could see 3 gnolls and an adder.

Vanquished Creatures
  3 adders (D:2)
  3 gnolls (D:2)
  2 worms
  A dart slug (D:2)
  An orc (D:3)
  7 ball pythons
  5 bats
  4 endoplasms
  2 giant cockroaches
  3 hobgoblins
  4 jackals (D:1)
  6 goblins
  8 kobolds
  5 rats
54 creatures vanquished.

Vanquished Creatures (others)
  A withered plant (D:2)
1 creature vanquished.

Grand Total: 55 creatures vanquished

Notes
Turn   | Place    | Note
-------+----------+-------------------------------------------
     0 | D:1      | Rocko1345 the Demonspawn Fighter began the quest for the
                  | Orb.
     0 | D:1      | Reached XP level 1. HP: 18/18 MP: 1/1
   190 | D:1      | Gained mutation: You have sharp fingernails. [demonic
                  | ancestry]
   190 | D:1      | Reached XP level 2. HP: 24/24 MP: 2/2
   646 | D:2      | Gained mutation: You have very sharp fingernails. [demonic
                  | ancestry]
   646 | D:2      | Reached XP level 3. HP: 29/29 MP: 3/3
   662 | D:2      | Found a faded altar of an unknown god.
   724 | D:2      | Found Segol's Book Emporium.
   804 | D:2      | HP: 1/29 [gnoll/+0 club (4)]
   806 | D:2      | Reached XP level 4. HP: 2/35 MP: 4/4
  1127 | D:2      | Reached skill level 1 in Dodging
  1194 | D:2      | Found Lusax's Distillery.
  1243 | D:2      | Identified the +3 dagger "Ocorhul" {flame, rF+ rC+ MP-9
                  | Str+2}
  1433 | D:2      | Found Tenneos's Book Shop.
  1885 | D:3      | Slain by a gnoll

Illustrated notes

Levels and vault maps discovered:
D:1:      minmay_arrival_hallway, layout_basic
D:2:      layout_basic, serial_shops, nicolae_square_shop, nicolae_shop_trees,
          shop, ebering_ecumenical_altar_petrified
D:3:      layout_loops_corners, lightli_sewer_entry_pipes, uniq_robin

Skill      XL: |  1  2  3  4 |
---------------+-------------+-----
Axes           | 2 3 |  3.0
Armour         | 3 |  3.1
Shields        | 3 |  3.2
Dodging        | 1 |  1.1
Fighting       | |  3.5

Action                     |  1- 3 |  4- 6 || total
---------------------------+-------+-------++-------
  Melee: War axe           |    92 |    55 ||   147
    Use: Potion            |     1 |       ||     1
 Armour: Scale mail        |    48 |    22 ||    70
  Dodge: Dodged            |    44 |    25 ||    69
  Block: Buckler           |    11 |       ||    11
         Kite shield       |    33 |    36 ||    69

Table legend: (Time is in decaauts)
 A = Elapsed time spent in this place.
 B = Non-inter-level travel time spent in this place.
 C = Inter-level travel time spent in this place.
 D = Time resting spent in this place.
 E = Time spent auto-exploring this place.
 F = Levels seen in this place.
 G = Mean time per level.
                   A        B        C        D        E       F      G
               +--------+--------+--------+--------+--------+-----+--------+
         Total |   1961 |   1855 |    106 |    227 |   1100 |   3 |  653.7 |
       Dungeon |   1961 |   1855 |    106 |    227 |   1100 |   3 |  653.7 |
               +--------+--------+--------+--------+--------+-----+--------+

Top non-repeatable levels by time:
     D:2: 1060 daAuts
     D:1: 669 daAuts
     D:3: 231 daAuts
